 Dungeon Crawl Stone Soup version 0.27.1 (webtiles) character file.

Game seed: 14146266497140410893

2709 ZARRMARR the Martial Artist (level 9, -4/53 HPs)
             Began as an Octopode Transmuter on Aug 30, 2021.
             Was an Initiate of Sif Muna.
             Slain by an orc warrior (10 damage)
             ... on level 7 of the Dungeon.
             The game lasted 01:21:35 (9825 turns).

ZARRMARR the Martial Artist (Octopode Transmuter)   Turns: 9825, Time: 01:21:36

Health: -4/53      AC:  1    Str: 16    XL:     9   Next: 66%
Magic:  31/31      EV: 13    Int: 18    God:    Sif Muna [......]
Gold:   351        SH:  0    Dex: 12    Spells: 25/26 levels left

rFire    . . .     SeeInvis .     - Unarmed
rCold    + + .     Faith    +   (no shield)
rNeg     + + .     Spirit   .   (helmet currently unavailable)
rPois    .         Reflect  .   w - amulet of faith
rElec    .         Harm     .   e - ring of positive energy
rCorr    .         Rampage  .   c - ring of protection from cold
Will     .....                  j - ring of magical power
Stlth    ++........             m - +6 ring of strength
HPRegen  0.17/turn              s - ring of protection from cold
MPRegen  0.22/turn              u - ring of positive energy
                                (no ring)
                                (no ring)

@: appendages
A: tentacle spike 3, almost no armour, amphibious, 8 rings, camouflage 1,
gelatinous body 1, (nimble swimmer 1), tentacles
a: End Transformation, Renounce Religion


You were on level 7 of the Dungeon.
You worshipped Sif Muna.
Sif Muna was noncommittal.
One of your tentacles had grown a beastly spike.
You visited 2 branches of the dungeon, and saw 8 of its levels.
You also visited: Sewer.

You collected 351 gold pieces.

Inventory:

Missiles
 o - 9 poisoned darts (quivered)
Jewellery
 c - a ring of protection from cold (right tentacle)
 e - a ring of positive energy (left tentacle)
 j - a ring of magical power (on tentacle)
 m - a +6 ring of strength (on tentacle)
 s - a ring of protection from cold (on tentacle)
 u - a ring of positive energy (on tentacle)
 w - an amulet of faith (around mantle)
Wands
 z - a wand of iceblast (8)
Scrolls
 f - 2 scrolls of torment
 g - 2 scrolls of enchant weapon
 h - a scroll of magic mapping
 q - a scroll of enchant armour {unknown}
 v - a scroll of teleportation
 x - a scroll of brand weapon {unknown}
 y - a scroll of immolation {unknown}
Potions
 a - 3 potions of brilliance {unknown}
 b - a potion of haste {unknown}
 d - a potion of cancellation {unknown}
 i - a potion of degeneration {unknown}
 k - 4 potions of mutation {unknown}
 l - 2 potions of might {unknown}
 p - a potion of ambrosia {unknown}
 r - a potion of berserk rage {unknown}
 t - a potion of curing


   Skills:
 - Level 1.0 Fighting
 - Level 2.0 Dodging
 + Level 9.3 Unarmed Combat
 + Level 9.0 Spellcasting
 - Level 2.0 Transmutations


You had 25 spell levels left.
You knew the following spells:

 Your Spells              Type           Power      Damage    Failure   Level
a - Beastly Appendage     Tmut           30%        N/A       3%          1

Your spell library contained the following spells:

 Spells                   Type           Power      Damage    Failure   Level
 Wereblood                Tmut           15%        N/A       6%          2
 Freeze                   Ice            32%        1d5       9%          1
 Summon Small Mammal      Summ           32%        N/A       9%          1
 Spider Form              Tmut/Pois      5%         N/A       17%         3
 Call Canine Familiar     Summ           8%         N/A       26%         3
 Frozen Ramparts          Ice            16%        1d3       26%         3
 Summon Guardian Golem    Hex/Summ       8%         N/A       26%         3
 Ice Form                 Ice/Tmut       11%        N/A       50%         4
 Hailstorm                Conj/Ice       8%         3d4       65%         4


Dungeon Overview and Level Annotations

Branches:
Dungeon (7/15)             Temple (1/1) D:6           Sewer (visited)

Altars:
Ashenzari
Cheibriados
Dithmenos
Elyvilon
Fedhas
Gozag
Hepliaklqana
Kikubaaqudgha
Nemelex Xobeh
Okawaru
Qazlal
Ru
Sif Muna
Trog
Uskayaw
Vehumet
Wu Jian
Xom
Yredelemnul
Zin
The Shining One

Shops:
D:1 *   D:6 ?

Annotations:
D:3 Natasha
D:6 4 runed translucent doors
D:7 Joseph


Innate Abilities, Weirdness & Mutations

One of your tentacles has grown a beastly spike.
You cannot wear most types of armour.
You are amphibious.
You can wear up to eight rings at the same time.
Your skin changes colour to match your surroundings (Stealth+).
Your rubbery body absorbs attacks. (AC +1, EV +1)
((You are camouflaged near water. (Stealth+)))
You have tentacles for arms and can constrict up to eight enemies at once.


Message History

Unknown command.
Unknown command.
Throw: 11 darts (poison)
Press: ? - help, Q - select action, (/) - cycle Shift-Dir - straight line, f - orc warrior
Aim: an orc warrior, wielding a +0 dire flail and wearing a +0 chain mail (52% to hit)
You throw a poisoned dart. The poisoned dart hits the orc warrior.
The orc warrior is poisoned.
Throw: 10 darts (poison)
Press: ? - help, Q - select action, (/) - cycle Shift-Dir - straight line, f/p - orc warrior
Aim: an orc warrior, wielding a +0 dire flail and wearing a +0 chain mail (lightly wounded, poisoned, 52% to hit)
You throw a poisoned dart. The poisoned dart hits the orc warrior.
The orc warrior is lightly wounded.
You tentacle-slap the orc warrior. Your grab misses the orc warrior.
You pierce the orc warrior.
Your squeeze misses the orc warrior.
The orc warrior is moderately wounded.
The orc warrior misses you.
You closely miss the orc warrior. You grab the orc warrior.
The orc warrior is moderately wounded.
You constrict the orc warrior, but do no damage.
The orc warrior closely misses you.
You tentacle-slap the orc warrior.
The orc warrior is heavily wounded.
You constrict the orc warrior.
The orc warrior hits you with a +0 dire flail!!
You tentacle-slap the orc warrior but do no damage.
The orc warrior is heavily wounded.
You constrict the orc warrior, but do no damage.
The orc warrior hits you with a +0 dire flail.
You tentacle-slap the orc warrior but do no damage.
You pierce the orc warrior.
The orc warrior is heavily wounded.
You constrict the orc warrior, but do no damage.
The orc warrior hits you with a +0 dire flail!
* * * LOW HITPOINT WARNING * * *
As you read the scroll of fear, it crumbles to dust.
You assume a fearsome visage.
The orc warrior resists with some effort.
The orc priest looks frightened!
You constrict the orc warrior.
The orc warrior hits you with a +0 dire flail!
You die...

.....#.#.# #..####...##
####.#.#.# #.....'....#
.......#.# ##.#####....#
##.#...#.# #..<....###.#
...#..>#)#########.# #.#
####.#.#.#....#...(# #.#
. .#.#...#.##.#.#### #.#
##.#.#.###.##.#.######.#
#..#....<..##.#.@o(o.#.#
#.###########.######)#.#
.......(......# (#.#
....##.!.###### o#.#
....##@ (#.# ....# #
(#.# ....##...# .#.#
.........# o#.#
.........# #.#


You could see an orc warrior (poisoned) and an orc priest (fleeing).

Vanquished Creatures
  A wyvern (D:7)
  A water moccasin (D:4)
  A black bear (D:4)
  2 necrophages (D:4)
  2 ogres
  A centaur (D:7)
  8 kobold brigands (Sewer)
  A bullfrog (D:7)
  2 scorpions
  A water moccasin zombie (D:5)
  8 wights (D:7)
  2 bullfrog skeletons
  2 jellies
  A gnoll shaman (D:3)
  3 hounds (D:6)
  3 iguanas
  A scorpion zombie (D:5)
  Terence (D:3)
  Natasha (D:3)
  3 orc wizards (D:7)
  2 killer bee zombies
  A howler monkey zombie (D:6)
  4 gnolls
  10 adders
  5 river rats
  6 worms
  15 orcs
  5 bats
  8 endoplasms
  3 giant cockroaches
  5 goblins
  8 hobgoblins
  8 quokkas
  19 ball pythons
  8 frilled lizards
  14 kobolds
  12 rats
178 creatures vanquished.

Vanquished Creatures (others)
  An orc wizard (D:7)
  8 plants (D:1)
9 creatures vanquished.

Grand Total: 187 creatures vanquished

Notes
Turn   | Place    | Note
-------+----------+-------------------------------------------
     0 | D:1      | ZARRMARR the Octopode Transmuter began the quest for the
                  | Orb.
     0 | D:1      | Reached XP level 1. HP: 13/13 MP: 3/3
   162 | D:1      | Reached XP level 2. HP: 15/18 MP: 3/5
   204 | D:1      | Found Taiz Pyr's Assorted Antiques.
   847 | D:1      | Reached XP level 3. HP: 23/23 MP: 4/6
  1976 | D:2      | Found a faded altar of an unknown god.
  2069 | D:2      | Reached XP level 4. HP: 27/28 MP: 8/8
  2531 | D:3      | Noticed Terence
  2625 | D:3      | Noticed Natasha
  2630 | D:3      | Killed Natasha
  2631 | D:3      | Reached XP level 5. HP: 33/33 MP: 7/9
  2861 | D:3      | Noticed Natasha
  3229 | D:4      | Noticed a black bear
  3239 | D:4      | Killed a black bear
  3240 | D:4      | Reached skill level 5 in Unarmed Combat
  3240 | D:4      | Reached XP level 6. HP: 29/38 MP: 12/12
  3295 | D:4      | Noticed a necrophage
  3309 | D:4      | Killed a necrophage
  3349 | D:4      | Found a glowing drain.
  3360 | Sewer    | Entered a sewer
  3548 | Sewer    | Reached XP level 7. HP: 18/43 MP: 14/14
  3773 | Sewer    | Reached skill level 5 in Spellcasting
  4309 | Sewer    | Reached XP level 8. HP: 28/48 MP: 17/17
  5151 | D:4      | Found a blossoming altar of Fedhas.
  5709 | D:3      | Killed Terence
  6327 | D:4      | Found a blossoming altar of Fedhas.
  6718 | D:5      | Entered Level 5 of the Dungeon
  7265 | D:5      | Reached XP level 9. HP: 53/53 MP: 20/20
  7474 | D:6      | Found a large runed translucent door.
  7474 | D:6      | Found a large runed translucent door.
  7478 | D:6      | Noticed a cyclops
  7488 | D:6      | Found a large runed translucent door.
  7488 | D:6      | Found a large runed translucent door.
  7617 | D:6      | Found Ommu's Magic Scroll Boutique.
  7685 | D:6      | Found a staircase to the Ecumenical Temple.
  7694 | Temple   | Entered the Ecumenical Temple
  7701 | Temple   | Became a worshipper of Ru the Awakened
  7710 | Temple   | Fell from the grace of Ru
  7710 | Temple   | Became a worshipper of Sif Muna the Loreminder
  7794 | D:6      | Noticed a two-headed ogre
  7930 | D:7      | Noticed Joseph
  9237 | D:7      | Found a sparkling altar of Nemelex Xobeh.
  9239 | D:7      | Found a white marble altar of Elyvilon.
  9825 | D:7      | Slain by an orc warrior

Illustrated notes

Levels and vault maps discovered:
D:1:      wander_arrival_desolate, layout_rooms, serial_shops,
          nicolae_shop_crystal, minmay_lizard_king
D:2:      layout_rooms, hellmonk_ecumenical_altar_arch_garden
D:3:      layout_loops_ring, minmay_tree_intersection, uniq_terence,
          uniq_natasha
D:4:      layout_rooms, lemuel_round_altar, lightli_sewer_entry_pipes,
          kennysheep_diamond
D:5:      layout_basic, makhleb_heckhound_becter, uniq_ijyb,
          uniq_crazy_yiuf_cottage
D:6:      layout_loops_ring, lemuel_temple_firewalk_b, serial_shops, shop,
          minmay_hollow_rounded_squares
D:7:      layout_basic, nicolae_overflow_hidden_temple, uniq_joseph
Temple:   nicolae_temple_no_exploring_needed

Skill      XL: |  1  2  3  4  5  6  7  8  9 |
---------------+----------------------------+-----
Unarmed Combat | 4 5 6 8 9 |  9.3
Spellcasting   | 3 4 6 7 9 |  9.0
Fighting       | |  1.0
Dodging        | |  2.0
Transmutations | |  2.0

Action                   |  1- 3 |  4- 6 |  7- 9 || total
-------------------------+-------+-------+-------++-------
Melee: Unarmed           |    95 |    65 |   218 ||   378
       Kick              |    23 |    19 |    62 ||   104
       Constrict         |    28 |    16 |    61 ||   105
       Tentacles         |    10 |    12 |    43 ||    65
       Punch             |     1 |     2 |    17 ||    20
Throw: Dart              |       |    12 |   130 ||   142
 Cast: Beastly Appendage |    36 |    38 |   126 ||   200
  Use: Scroll            |     4 |       |     5 ||     9
       Potion            |       |     1 |     2 ||     3
 Stab: Sleeping          |    10 |    11 |     8 ||    29
Armor: Skin              |     3 |     2 |     2 ||     7
Dodge: Dodged            |    40 |    24 |    87 ||   151
